 Dungeon Crawl Stone Soup version 0.26.0-16-gc1dbca0489 (webtiles) character file.

Game seed: 18093072998683405164

287712 Delamore the Hoplite (level 20, -5/129 HPs)
             Began as a Gargoyle Fighter on Jan 20, 2021.
             Was the Champion of Okawaru.
             Killed by a resonance strike
             ... invoked by a ragged hierophant
              (21 damage)
             ... in the Desolation of Salt.
             The game lasted 00:52:26 (40612 turns).

Delamore the Hoplite (Gargoyle Fighter)            Turns: 40612, Time: 00:52:27

Health: -5/129     AC: 51    Str: 31    XL:     20   Next: 67%
Magic:  23/23      EV: 12    Int: 27    God:    Okawaru [******]
Gold:   1083       SH: 18    Dex: 11    Spells: 19/19 levels left

rFire    + + .     SeeInvis .   v - +9 eveningstar of the Big Fish {venom, rElec Str-5 Int+4}
rCold    + + +     Faith    .   U - +0 kite shield {reflect}
rNeg     + . .     Spirit   .   N - +9 plate armour of the Depths {rF+ rC++ Will++}
rPois    ∞         Reflect  +   c - +4 hat "Koiblub" {Int+4}
rElec    +         Harm     .   j - +0 cloak {rCorr}
rCorr    +         Rampage  .   G - +1 pair of gloves {Str+3}
Will     +++..                  C - +0 pair of boots "Jecuadwo" {rPois Str+3 Int+5 Dex-5}
Stlth    ..........             P - amulet of Suicidal Tendencies {Acrobat Stlth+}
HPRegen  0.31/turn              W - ring of Ubafiehe {rC+ EV+4 Dex+7}
MPRegen  0.18/turn              Z - ring of Dautoc {*Drain rF+ Str+2 Int+4}

@: flying, studying Armour
A: big wings, negative energy resistance 1, electricity resistance, unbreathing,
petrification resistance, miasma immunity, AC +15
}: 2/15 runes: decaying, serpentine
a: Stop Flying, Renounce Religion, Heroism, Finesse


You were in the Desolation of Salt.
You worshipped Okawaru.
Okawaru was exalted by your worship.
You visited 8 branches of the dungeon, and saw 34 of its levels.
You also visited: Gauntlet, Ice Cave and Desolation.

You collected 3637 gold pieces.
You spent 2554 gold pieces at shops.

Inventory:

Hand Weapons
 v - the +9 eveningstar of the Big Fish (weapon) {venom, rElec Str-5 Int+4}
   (Okawaru gifted it to you in a Gauntlet)

   It poisons the flesh of those it strikes.
   It affects your strength (-5).
   It affects your intelligence (+4).
   It insulates you from electricity.
 Y - the +5 demon whip "Spellbinder" {antimagic, Will+}
   (You found it on level 1 of the Orcish Mines)

   It reduces the magical energy of the wielder, and disrupts the spells and
   magical abilities of those hit.
   Natural abilities and divine invocations are not affected.
   It affects your willpower, your defense against some magical effects.
Missiles
 s - 13 javelins
 y - 11 silver javelins (quivered)
 I - a throwing net
Armour
 c - the +4 hat "Koiblub" (worn) {Int+4}
   (Okawaru gifted it to you on level 1 of the Snake Pit)

   It affects your intelligence (+4).
 j - a +0 cloak of preservation (worn)
 C - the +0 pair of boots "Jecuadwo" (worn) {rPois Str+3 Int+5 Dex-5}
   (Okawaru gifted it to you on level 6 of the Lair of Beasts)

   It affects your strength (+3).
   It affects your intelligence (+5).
   It affects your dexterity (-5).
   It protects you from poison.
 G - a +1 pair of gloves of strength (worn)
 N - the +9 plate armour of the Depths (worn) {rF+ rC++ Will++}
   (You found it on level 2 of the Snake Pit)

   It protects you from fire.
   It greatly protects you from cold.
   It affects your willpower, your defense against some magical effects.
 R - a +0 tower shield of protection
 U - a +0 kite shield of reflection (worn)
Jewellery
 e - an uncursed amulet of reflection
 g - the ring of Jota {+Blink MP+9 Str-2 Int+4 SInv}
   (You found it in a Gauntlet)

   [ring of magical power]

   It affects your strength (-2).
   It affects your intelligence (+4).
   It affects your magic capacity (+9).
   It lets you see invisible.
   It lets you blink.
 x - a cursed ring of teleportation {unknown}
 M - an uncursed amulet of faith {unknown}
 P - the amulet of Suicidal Tendencies (around neck) {Acrobat Stlth+}
   (You took it off Azrael on level 15 of the Dungeon)

   [amulet of the acrobat]

   It helps you evade while moving and waiting.
   It makes you more stealthy.
 S - the ring "Veseff" {Dex+2 Stlth+, unknown}
   (You found it in the Desolation of Salt)

   [ring of stealth]

   It affects your dexterity (+2).
   It makes you more stealthy.
 T - a cursed -4 ring of slaying {unknown}
 W - the ring of Ubafiehe (left hand) {rC+ EV+4 Dex+7}
   (You found it in an ice cave)

   [ring of evasion]

   It affects your evasion (+4).
   It affects your dexterity (+7).
   It protects you from cold.
 Z - the ring of Dautoc (right hand) {*Drain rF+ Str+2 Int+4}
   (You found it in an ice cave)

   [ring of protection from fire]

   It affects your strength (+2).
   It affects your intelligence (+4).
   It protects you from fire.
   It causes draining when unequipped.
Wands
 b - a wand of disintegration (8)
 f - a wand of digging (6)
 h - a wand of flame (68)
 l - a wand of acid (31)
 H - a wand of iceblast (7)
Scrolls
 a - 2 scrolls of brand weapon
 i - 3 scrolls of identify
 n - 6 scrolls of fear
 o - 7 scrolls of enchant weapon
 q - 5 scrolls of blinking
 r - 4 scrolls of enchant armour
 t - 6 scrolls of fog
 u - 15 scrolls of remove curse
 w - 13 scrolls of teleportation
 B - 6 scrolls of amnesia
 J - 4 scrolls of magic mapping
 L - 4 scrolls of immolation
 X - a scroll of silence
Potions
 d - 4 potions of might
 k - 8 potions of haste
 m - a potion of cancellation
 p - 13 potions of curing
 A - 3 potions of ambrosia
 D - 4 potions of mutation
 K - 2 potions of berserk rage
Books
 F - a manual of Armour
Miscellaneous
 z - a phantom mirror
 O - a lightning rod (4/4)
 Q - a condenser vane


   Skills:
 - Level 15.0 Fighting
 - Level 17.0 Maces & Flails
 + Level 10.9 Throwing
 - Level 15.0 Armour
 + Level 22.6 Shields
 - Level 5.0 Invocations
 - Level 5.0 Evocations


You had 19 spell levels left.
You didn't know any spells.
Your spell library contained the following spells:

 Spells                   Type           Power        Failure   Level
 Animate Skeleton         Necr           0%           52%         1
 Apportation              Tloc           0%           52%         1
 Corona                   Hex            0%           52%         1
 Foxfire                  Conj/Fire      0%           52%         1
 Freeze                   Ice            0%           52%         1
 Shock                    Conj/Air       0%           52%         1
 Sting                    Tmut/Pois      0%           52%         1
 Summon Small Mammal      Summ           0%           52%         1
 Ensorcelled Hibernation  Hex/Ice        0%           67%         2
 Passwall                 Tmut/Erth      0%           67%         2
 Poisonous Vapours        Pois/Air       0%           67%         2
 Swiftness                Air            0%           67%         2
 Confusing Touch          Hex            0%           88%         3
 Conjure Flame            Conj/Fire      0%           88%         3
 Dazzling Flash           Conj/Hex       0%           88%         3
 Frozen Ramparts          Ice            0%           88%         3
 Gell's Gravitas          Tloc           0%           88%         3
 Ignite Poison            Fire/Tmut/Pois 0%           88%         3
 Inner Flame              Hex/Fire       0%           88%         3
 Mephitic Cloud           Conj/Pois/Air  0%           88%         3
 Ozocubu's Armour         Ice            0%           88%         3
 Static Discharge         Conj/Air       0%           88%         3
 Tukima's Dance           Hex            0%           88%         3
 Airstrike                Air            0%           99%         4
 Animate Dead             Necr           0%           99%         4
 Hailstorm                Conj/Ice       0%           99%         4
 Ice Form                 Ice/Tmut       0%           99%         4
 Leda's Liquefaction      Hex/Erth       0%           99%         4
 Olgreb's Toxic Radiance  Pois           0%           99%         4
 Passage of Golubria      Tloc           N/A          99%         4
 Petrify                  Tmut/Erth      0%           99%         4
 Sticky Flame             Conj/Fire      0%           99%         4
 Summon Ice Beast         Ice/Summ       0%           99%         4
 Bolt of Magma            Conj/Fire/Erth 0%           100%        5
 Borgnjor's Vile Clutch   Necr/Erth      0%           100%        5
 Fireball                 Conj/Fire      0%           100%        5
 Irradiate                Conj/Tmut      0%           100%        5
 Lee's Rapid Deconstruct  Erth           0%           100%        5
 Lightning Bolt           Conj/Air       0%           100%        5
 Metabolic Englaciation   Hex/Ice        0%           100%        5
 Yara's Violent Unravell  Hex/Tmut       0%           100%        5
 Death Channel            Necr           0%           100%        6
 Freezing Cloud           Conj/Ice/Air   0%           100%        6
 Hydra Form               Tmut           0%           100%        6
 Invisibility             Hex            0%           100%        6
 Iron Shot                Conj/Erth      0%           100%        6
 Ozocubu's Refrigeration  Ice            0%           100%        6
 Simulacrum               Ice/Necr       0%           100%        6
 Dragon Form              Tmut           0%           100%        7
 Malign Gateway           Summ/Tloc      0%           100%        7
 Shatter                  Erth           0%           100%        9
 Statue Form              Tmut/Erth      Unusable     N/A         6

Dungeon Overview and Level Annotations

Branches:
Dungeon (15/15)            Temple (1/1) D:5            Lair (6/6) D:11
  Swamp (4/4) Lair:2        Snake (4/4) Lair:3        Slime (0/5) Lair:6
    Orc (2/2) D:10            Elf (0/3) Orc:2        Vaults (1/5) D:13
 Depths (1/5) D:15          IceCv (visited)         Desolation (1/1)
Gauntlet (visited)

Altars:
Ashenzari
Cheibriados
Elyvilon
Fedhas
Gozag
Hepliaklqana
Makhleb
Nemelex Xobeh
Okawaru
Qazlal
Ru
Sif Muna
Trog
Vehumet
Wu Jian
Xom
The Shining One
Beogh

Shops:
D:5 :   D:6 [   D:7 :*   D:10 (   D:11 :   D:14 *   D:15 (   Orc:2 }*!(

Annotations:
D:9 3 runed translucent doors, Mandevil's ghost, novice TrNe
D:10 1 runed translucent door
D:15 3 runed translucent doors
Lair:5 exclusion: 4 oklob plants


Innate Abilities, Weirdness & Mutations

You are resistant to torment.
Your stone body is resilient. (AC +15)
You are immune to poison.
Your large and strong wings let you fly indefinitely.
You resist negative energy. (rN+)
You are resistant to electric shocks. (rElec)
You can survive without breathing.
You are immune to petrification.
You are immune to miasma.


Message History

The ragged hierophant hits you but does no damage.
You block the saltling's attack.
The molten gargoyle blasts magma at you!
The bolt of magma misses you.
The saltling hits you but does no damage.
Things that are here:
a +0 dire flail; a cursed +0 scale mail You impale the molten gargoyle!!
The molten gargoyle is severely damaged.
You block the saltling's attack.
The molten gargoyle blasts magma at you!
The bolt of magma hits you! You partially resist.
* * * LOW HITPOINT WARNING * * *
You bludgeon the molten gargoyle!!
You destroy the molten gargoyle!
Okawaru accepts your kill.
The saltling hits you but does no damage.
The ragged hierophant casts a spell at you.
A blast of power from the earth and the saltlings strikes you!
You die...

#######....#......#
######...##..#.....
#####....)..#.#8..
#####..#..#8.§§...
#####....##..§..
####....#..#§§..
####....)..§#§..
####..p)8..§§§#.
####..#@8..§###
####...#..#..#
####....##.#§#
####.... §....
####.... §§§§..
####.... .§§§§
####.... §...
####...


You could see a ragged hierophant (strong) and 2 saltlings.

Vanquished Creatures
  Vashnia (Snake:2)
  The ghost of anything the Scorcher, an adept OgFE of Gozag (Swamp:2)
  Jorgrun (Swamp:3)
  Rupert (D:14)
  A thorn hunter (Swamp:4)
  Donald (Swamp:3)
  8 nagarajas
  Roxanne (D:15)
  A fire giant (D:15)
  The ghost of Vudadgh the Warrior, an adept HuWr of Hepliaklqana (Swamp:4)
  3 imperial myrmidons (Desolation)
  Aizul (Swamp:4)
  An ironheart preserver (Vaults:1)
  Azrael (D:15)
  Nessos (D:14)
  A halazid warlock (Desolation)
  4 bunyips
  A minotaur (Gauntlet)
  4 eleionomae
  A spectral fenstrider witch (Swamp:2)
  Fannar (Lair:1)
  2 ragged hierophants (Desolation)
  The ghost of happy the Spear-Bearer, a journeyman FoCj of Hepliaklqana (D:12)
  A rakshasa (Vaults:1)
  29 hydras
  5 servants of whispers (Desolation)
  A peacekeeper (Desolation)
  25 naga warriors
  A ghost crab (Swamp:1)
  2 ice dragons (IceCv)
  3 centaur warriors
  A merfolk avatar (Lair:6)
  The ghost of
  112233 the Summoner, a journeyman OpSu of Gozag (Orc:1)
  18 anacondas
  2 death knights
  8 alligators
  3 two-headed ogres
  2 deep troll earth magi (Vaults:1)
  Urug (Lair:5)
  7 orc high priests
  A tengu warrior (D:10)
  8 death yaks
  7 shock serpents
  9 naga sharpshooters
  14 spriggans
  2 salamander mystics (Snake:2)
  2 skeletal warriors
  2 spriggan druids
  A sea snake (Lair:6)
  A deep troll (Vaults:1)
  4 unseen horrors
  A wizard (Gauntlet)
  9 goliath frogs
  12 swamp dragons
  2 flayed ghosts (D:12)
  3 lindwurms (Swamp:4)
  An obsidian statue (D:15)
  The ghost of lasso the Cleaver, a novice MiFi of Okawaru (D:8)
  A deep elf mage (D:15)
  4 ironbrand convokers (Desolation)
  5 bog bodies
  A necromancer (Gauntlet)
  3 harpies
  7 naga ritualists
  6 will-o-the-wisps
  6 ugly things
  2 orc knights
  2 manticores
  6 mana vipers
  2 orc sorcerers (Orc:1)
  3 cyclopes
  A worldbinder (Gauntlet)
  4 salamanders
  2 moths of wrath (Orc:1)
  16 guardian serpents
  2 spectral centaurs (D:12)
  21 naga magi
  2 vault sentinels (Vaults:1)
  Joseph (D:7)
  38 black mambas
  23 elephants
  A molten gargoyle (Desolation)
  2 ice statues (IceCv)
  Maggie (D:7)
  3 torpor snails
  3 centaur skeletons
  17 cane toads
  A gargoyle (D:14)
  Maurice (D:13)
  12 rime drakes
  A yaktaur (Vaults:1)
  2 efreet (D:13)
  5 freezing wraiths
  2 ice devils (D:11)
  15 komodo dragons
  10 polar bears
  A bloated husk (Swamp:1)
  5 trolls
  7 tyrant leeches
  17 hornets
  5 dream sheep (Lair:6)
  A wolf spider simulacrum (D:12)
  16 blink frogs
  11 saltlings (Desolation)
  A shadow (D:13)
  8 wyverns
  2 wraiths
  2 water elementals (D:14)
  A tarantella (shapeshifter) (D:13)
  32 yaks
  A vampire (D:10)
  2 fire elementals (D:15)
  7 basilisks
  2 steam dragons
  13 vampire mosquitoes
  Menkaure (D:6)
  65 nagas
  14 wargs
  18 water moccasins
  15 swamp worms
  Duvessa (D:6)
  2 soldier ants
  2 acid dragons
  A hydra simulacrum (Swamp:2)
  A spectral hornet (D:12)
  2 hell hounds (D:15)
  6 swamp drakes
  3 black bears
  26 ice beasts
  19 orc warriors
  5 sky beasts
  A necrophage (D:11)
  2 eyes of draining (D:11)
  3 phantoms
  12 wolves
  10 boggarts
  8 ogres
  21 centaurs
  3 big kobolds
  A gnoll sergeant (D:13)
  21 bullfrogs
  A wyvern zombie (D:14)
  5 wyvern skeletons
  Dowan (D:6)
  2 scorpions
  15 killer bees
  4 wights (D:8)
  An electric eel (D:14)
  6 centaur zombies
  7 howler monkeys
  6 bullfrog zombies
  5 jellies
  27 orc priests
  3 bullfrog skeletons
  9 hounds
  13 orc wizards
  9 iguanas
  2 hell rats (D:11)
  7 worker ants
  A bullfrog simulacrum (D:11)
  2 centaur simulacra
  A mummy (D:8)
  A howler monkey zombie (D:9)
  Robin (D:4)
  14 gnolls
  A howler monkey skeleton (D:10)
  17 adders
  A river rat (D:11)
  3 shadow imps
  2 white imps
  2 worker ant simulacra (D:11)
  6 ufetubi
  2 oozes
  2 adder zombies
  6 worms
  3 dart slugs
  9 leopard geckos
  68 orcs
  2 ball pythons
  4 giant cockroaches
  19 hobgoblins
  14 jackals
  6 quokkas
  9 bats
  8 frilled lizards
  13 goblins
  A jackal zombie (D:7)
  19 kobolds
  A quokka zombie (D:6)
  12 rats
1233 creatures vanquished.

Vanquished Creatures (others)
  A vault guard (D:13)
  A ghost crab (Swamp:2)
  A spectral hydra (Swamp:2)
  A naga mage (Snake:4)
  4 bloated husks
  A goliath frog simulacrum (Swamp:2)
  A hydra simulacrum (Swamp:2)
  An orc warrior (Vaults:1)
  An orc wizard (D:9)
  26 foxfires
  50 fungi
  6 pillars of salt (Vaults:1)
  91 plants
  5 toadstools (D:10)
190 creatures vanquished.

Grand Total: 1423 creatures vanquished

Notes
Turn   | Place    | Note
-------+----------+-------------------------------------------
     0 | D:1      | Delamore the Gargoyle Fighter began the quest for the Orb.
     0 | D:1      | Reached XP level 1. HP: 14/14 MP: 1/1
   134 | D:1      | Reached XP level 2. HP: 19/19 MP: 2/2
   298 | D:1      | Reached XP level 3. HP: 17/24 MP: 3/3
   821 | D:2      | Reached skill level 4 in Shields
   871 | D:2      | Reached XP level 4. HP: 29/29 MP: 4/4
  1462 | D:2      | Found a burning altar of Makhleb.
  1464 | D:2      | Found a shimmering altar of Xom.
  1552 | D:2      | Found a sacrificial altar of Ru.
  1581 | D:2      | Reached XP level 5. HP: 34/34 MP: 5/5
  2615 | D:4      | Reached XP level 6. HP: 37/40 MP: 6/6
  2686 | D:4      | Reached skill level 5 in Fighting
  2686 | D:4      | Reached skill level 5 in Shields
  2826 | D:4      | Noticed Robin
  2844 | D:4      | Killed Robin
  3224 | D:4      | Found a white marble altar of Elyvilon.
  3403 | D:4      | Reached skill level 5 in Maces & Flails
  3407 | D:4      | Reached XP level 7. HP: 44/44 MP: 7/7
  3706 | D:5      | Entered Level 5 of the Dungeon
  3880 | D:5      | Found a staircase to the Ecumenical Temple.
  3903 | Temple   | Entered the Ecumenical Temple
  3983 | Temple   | Became a worshipper of Warmaster Okawaru
  4285 | D:5      | Found Bealid's Book Emporium.
  4515 | D:5      | Found a hazy altar of Hepliaklqana.
  4886 | D:6      | Reached XP level 8. HP: 46/49 MP: 8/8
  4898 | D:6      | Reached * piety under Okawaru
  4995 | D:6      | Noticed Duvessa
  4995 | D:6      | Noticed Dowan
  5014 | D:6      | Killed Duvessa
  5033 | D:6      | Killed Dowan
  5170 | D:5      | HP: 1/49 [orc warrior/+0 long sword (4)]
  5306 | D:6      | Reached ** piety under Okawaru
  5320 | D:6      | Reached skill level 10 in Maces & Flails
  5469 | D:6      | Reached XP level 9. HP: 54/54 MP: 9/9
  5610 | D:6      | Found Oneokh's Antique Armour Emporium.
  5717 | D:6      | Found an opulent altar of Gozag.
  5783 | D:6      | Found a glowing golden altar of the Shining One.
  5955 | D:6      | Noticed Menkaure
  5966 | D:6      | Killed Menkaure
  6074 | D:7      | Noticed Joseph
  6104 | D:7      | Killed Joseph
  6366 | D:7      | Reached *** piety under Okawaru
  6617 | D:7      | Found Tayroq's Book Shop.
  6758 | D:7      | Found a broken altar of Ashenzari.
  6848 | D:7      | Got a warped whip
  6849 | D:7      | Identified the +3 whip of Cocytus {protect, rElec Str+2}
                  | (You found it on level 7 of the Dungeon)
  6907 | D:7      | Found Toleu's General Store.
  6916 | D:7      | Bought a scroll of identify for 20 gold pieces
  6942 | D:7      | Noticed Maggie
  6951 | D:7      | Killed Maggie
  6952 | D:7      | Reached XP level 10. HP: 59/59 MP: 10/10
  7304 | D:8      | Found a snail-covered altar of Cheibriados.
  7508 | D:8      | Reached **** piety under Okawaru
  7907 | D:8      | Found a blossoming altar of Fedhas.
  7931 | D:8      | Found a runed translucent door.
  7932 | D:8      | Noticed lasso's ghost (novice MiFi)
  8018 | D:8      | Killed lasso's ghost
  8985 | D:9      | Found a runed translucent gate.
  8986 | D:9      | Found a runed translucent gate.
  8986 | D:9      | Found a runed translucent gate.
  8988 | D:9      | Noticed a centaur warrior
  8990 | D:9      | Noticed a deep elf mage
  8995 | D:9      | Reached skill level 1 in Invocations
  8998 | D:9      | Noticed Mandevil's ghost (novice TrNe)
  9237 | D:9      | Reached ***** piety under Okawaru
  9302 | D:9      | Reached skill level 6 in Shields
  9420 | D:9      | Reached XP level 11. HP: 64/64 MP: 12/12
  9454 | D:9      | Found an ornate altar of the Wu Jian Council.
  9530 | D:9      | Found a stormy altar of Qazlal.
  9692 | D:10     | Entered Level 10 of the Dungeon
 10081 | D:10     | Found Giadit's Antique Weapon Emporium.
 10082 | D:10     | Found a staircase to the Orcish Mines.
 10136 | D:10     | Reached skill level 5 in Armour
 10749 | D:10     | Found a runed translucent door.
 10820 | D:10     | Found a runed translucent door.
 10860 | D:10     | Noticed a tengu warrior
 10899 | D:10     | Killed a tengu warrior
 10899 | D:10     | Received a gift from Okawaru
 10917 | D:10     | Reached skill level 7 in Shields
 10919 | D:10     | Got a masterwork morningstar {god gift}
 10920 | D:10     | Identified the +9 morningstar of Putrescence {venom, rElec}
                  | (Okawaru gifted it to you on level 10 of the Dungeon)
 10931 | D:10     | Noticed a cyclops
 10931 | D:10     | Noticed a five-headed hydra
 10942 | D:10     | Killed a five-headed hydra
 10952 | D:10     | Killed a cyclops
 11176 | D:10     | Noticed a purple ugly thing
 11182 | D:10     | Killed a purple ugly thing
 11305 | D:11     | Found Nejo's Book Shop.
 11308 | D:11     | Reached skill level 5 in Invocations
 11351 | D:11     | Reached skill level 8 in Shields
 11370 | D:11     | Noticed a red ugly thing
 11380 | D:11     | Killed a red ugly thing
 11514 | D:11     | Noticed a two-headed ogre
 11520 | D:11     | Killed a two-headed ogre
 11521 | D:11     | Reached XP level 12. HP: 71/75 MP: 15/15
 11533 | D:11     | Received a gift from Okawaru
 11536 | D:11     | Got a steaming ring mail {god gift}
 11547 | D:11     | Identified the +5 ring mail of Roekkoun {+Inv SInv}
                  | (Okawaru gifted it to you on level 11 of the Dungeon)
 11584 | D:11     | Reached skill level 9 in Shields
 11611 | D:11     | Found a frozen archway.
 11726 | IceCv    | Entered an ice cave
 12815 | IceCv    | Noticed an ice dragon
 12819 | IceCv    | Noticed an ice dragon
 12825 | IceCv    | Killed an ice dragon
 12826 | IceCv    | Reached skill level 10 in Fighting
 12826 | IceCv    | Reached skill level 10 in Shields
 12832 | IceCv    | Killed an ice dragon
 13029 | IceCv    | Got a heavily runed pewter ring
 13036 | IceCv    | Got a twitching steel ring
 13051 | IceCv    | Identified the ring of Ubafiehe {rC+ EV+4 Dex+7} (You found
                  | it in an ice cave)
 13053 | IceCv    | Identified the ring of Dautoc {*Drain rF+ Str+2 Int+4} (You
                  | found it in an ice cave)
 13729 | D:11     | Found a staircase to the Lair.
 13729 | D:11     | Noticed a death yak
 13729 | D:11     | Noticed a death yak
 13731 | D:11     | Noticed a death yak
 13738 | D:11     | Killed a death yak
 13739 | D:11     | Reached skill level 1 in Throwing
 13747 | D:11     | Killed a death yak
 13753 | D:11     | Killed a death yak
 13753 | D:11     | Received a gift from Okawaru
 14003 | Lair:1   | Entered Level 1 of the Lair of Beasts
 14254 | Lair:1   | Reached skill level 11 in Shields
 14363 | Lair:1   | Noticed Fannar
 14375 | Lair:1   | Killed Fannar
 14376 | Lair:1   | Reached XP level 13. HP: 82/84 MP: 10/16
 15575 | Lair:2   | Found a staircase to the Swamp.
 15992 | Lair:3   | Found a gate leading to a gauntlet.
 16001 | Gauntlet | Entered a Gauntlet
 16001 | Gauntlet | Found a transporter.
 16001 | Gauntlet | Found a transporter.
 16006 | Gauntlet | Found a transporter.
 16018 | Gauntlet | Found a transporter.
 16035 | Gauntlet | Found a transporter.
 16042 | Gauntlet | Found a transporter.
 16050 | Gauntlet | Noticed a death ooze
 16065 | Gauntlet | Found a transporter.
 16076 | Gauntlet | Found a transporter.
 16078 | Gauntlet | Found a transporter.
 16090 | Gauntlet | Found a transporter.
 16094 | Gauntlet | Found a transporter.
 16100 | Gauntlet | Found a transporter.
 16193 | Gauntlet | Found a transporter.
 16210 | Gauntlet | Found a transporter.
 16334 | Gauntlet | Found a transporter.
 16360 | Gauntlet | Found a transporter.
 16533 | Gauntlet | Got a transparent copper ring
 16537 | Gauntlet | Identified the ring of Jota {+Blink MP+9 Str-2 Int+4 SInv}
                  | (You found it in a Gauntlet)
 16582 | Gauntlet | Received a gift from Okawaru
 16583 | Gauntlet | Reached skill level 5 in Throwing
 16583 | Gauntlet | Reached skill level 12 in Shields
 16599 | Gauntlet | Got a smoking eveningstar {god gift}
 16600 | Gauntlet | Identified the +9 eveningstar of the Big Fish {venom, rElec
                  | Str-5 Int+4} (Okawaru gifted it to you in a Gauntlet)
 16607 | Gauntlet | Got a scorched copper ring
 16613 | Gauntlet | Identified the ring "Jonieny" {EV+4 Int+2 Dex+2} (You found
                  | it in a Gauntlet)
 16722 | Gauntlet | Noticed a minotaur
 16730 | Gauntlet | Killed a minotaur
 17186 | Lair:3   | Found a staircase to the Snake Pit.
 17444 | Lair:3   | Received a gift from Okawaru
 17705 | Lair:4   | Received a gift from Okawaru
 17868 | Lair:4   | Reached skill level 13 in Shields
 17948 | Lair:4   | Gained mutation: Your large and strong wings let you fly
                  | indefinitely. [Gargoyle growth]
 17948 | Lair:4   | Reached XP level 14. HP: 91/94 MP: 17/17
 18209 | Lair:4   | Received a gift from Okawaru
 19025 | Lair:5   | Received a gift from Okawaru
 19051 | Lair:5   | Noticed Urug
 19067 | Lair:5   | Killed Urug
 19254 | Lair:5   | Reached skill level 14 in Shields
 20072 | Lair:6   | Entered Level 6 of the Lair of Beasts
 20149 | Lair:6   | Found a staircase to the Slime Pits.
 20291 | Lair:6   | Reached skill level 15 in Shields
 20293 | Lair:6   | Reached skill level 15 in Fighting
 20318 | Lair:6   | Reached XP level 15. HP: 39/103 MP: 18/18
 20474 | Lair:6   | Reached ****** piety under Okawaru
 20802 | Lair:6   | Received a gift from Okawaru
 20813 | Lair:6   | Got a pair of translucent boots {god gift}
 20824 | Lair:6   | Identified the +0 pair of boots "Jecuadwo" {rPois Str+3
                  | Int+5 Dex-5} (Okawaru gifted it to you on level 6 of the
                  | Lair of Beasts)
 21221 | Lair:6   | Reached skill level 16 in Shields
 22047 | Orc:1    | Entered Level 1 of the Orcish Mines
 22174 | Orc:1    | Found a transporter.
 22178 | Orc:1    | Found a transporter.
 22181 | Orc:1    | Noticed 112233's ghost (journeyman OpSu)
 22320 | Orc:1    | Found the +5 demon whip "Spellbinder" {antimagic, Will+}
 22703 | Orc:1    | Reached skill level 15 in Maces & Flails
 22846 | Orc:1    | Killed 112233's ghost
 22949 | Orc:2    | Entered Level 2 of the Orcish Mines
 23584 | Orc:2    | Found Tosysy's Assorted Antiques.
 23584 | Orc:2    | Found Ulikar Cabo's Gadget Shoppe.
 23831 | Orc:2    | Found a roughly hewn altar of Beogh.
 23956 | Orc:2    | Found a staircase to the Elven Halls.
 24480 | Orc:2    | Found Gugusm's Weapon Boutique.
 24480 | Orc:2    | Found Pext's Distillery.
 24857 | D:6      | Bought a fine crystal plate armour for 2040 gold pieces
 24871 | D:6      | Identified the +2 crystal plate armour "Caihud" {rPois}
                  | (You bought it in a shop on level 6 of the Dungeon)
 25306 | D:12     | Noticed happy's ghost (journeyman FoCj)
 25324 | D:12     | Found a transporter.
 25326 | D:12     | Found a transporter.
 25333 | D:12     | Received a gift from Okawaru
 25900 | D:12     | Killed happy's ghost
 25923 | D:12     | Reached skill level 17 in Shields
 25928 | D:12     | Reached XP level 16. HP: 90/108 MP: 19/19
 26363 | D:13     | Noticed Maurice
 26365 | D:13     | Killed Maurice
 26412 | D:13     | Found a gate to the Vaults.
 26784 | D:14     | Noticed Rupert
 26798 | D:14     | Killed Rupert
 26896 | D:14     | Reached XP level 17. HP: 113/113 MP: 20/20
 26922 | D:14     | Noticed Nessos
 26928 | D:14     | Reached skill level 18 in Shields
 26955 | D:14     | Killed Nessos
 26968 | D:14     | HP: 5/113 [freezing wraith[a death knight] (12)]
 27497 | D:14     | Found Vaem Zeoph's Assorted Antiques.
 27500 | D:14     | Bought a scroll of identify for 76 gold pieces
 27500 | D:14     | Bought a scroll of magic mapping for 133 gold pieces
 27500 | D:14     | Bought a scroll of blinking for 285 gold pieces
 27586 | D:14     | Found a white marble altar of Elyvilon.
 27721 | D:15     | Entered Level 15 of the Dungeon
 27721 | D:15     | Found a runed translucent door.
 27776 | D:15     | Found a staircase to the Depths.
 27806 | D:15     | Noticed Roxanne
 27897 | D:15     | Killed Roxanne
 27927 | D:15     | Found Nitolok's Weapon Shop.
 28215 | D:15     | Found a runed translucent door.
 28249 | D:15     | Identified the amulet of Suicidal Tendencies {Acrobat
                  | Stlth+}
 28249 | D:15     | Noticed Azrael
 28264 | D:15     | Killed Azrael
 28264 | D:15     | Received a gift from Okawaru
 28364 | D:15     | Found a runed translucent door.
 28372 | D:15     | Found a runed translucent door.
 28898 | Depths:1 | Entered Level 1 of the Depths
 29110 | Swamp:1  | Entered Level 1 of the Swamp
 29450 | Swamp:1  | Received a gift from Okawaru
 29539 | Swamp:1  | Reached skill level 19 in Shields
 29687 | Swamp:1  | Received a gift from Okawaru
 30228 | Swamp:2  | Noticed anything's ghost (adept OgFE)
 30261 | Swamp:2  | Found a transporter.
 30263 | Swamp:2  | Found a transporter.
 30288 | Swamp:2  | Reached XP level 18. HP: 83/119 MP: 18/21
 30328 | Swamp:2  | Killed anything's ghost
 30828 | Swamp:2  | Reached skill level 20 in Shields
 31538 | Swamp:3  | Noticed Jorgrun
 31550 | Swamp:3  | Killed Jorgrun
 31635 | Swamp:3  | Noticed Donald
 31649 | Swamp:3  | Killed Donald
 32006 | Swamp:4  | Entered Level 4 of the Swamp
 32007 | Swamp:4  | Found a runed translucent gate.
 32017 | Swamp:4  | Found a runed translucent gate.
 32018 | Swamp:4  | Found a runed translucent gate.
 32019 | Swamp:4  | Noticed Vudadgh's ghost (adept HuWr)
 32471 | Swamp:4  | Received a gift from Okawaru
 32555 | Swamp:4  | Reached skill level 21 in Shields
 32719 | Swamp:4  | Got a decaying rune of Zot
 32794 | Swamp:4  | Identified the Almanac of Moulding and Displacement
 32892 | Swamp:4  | Noticed Aizul
 32907 | Swamp:4  | Killed Aizul
 33262 | Swamp:4  | Killed Vudadgh's ghost
 33481 | Snake:1  | Entered Level 1 of the Snake Pit
 33881 | Snake:1  | Received a gift from Okawaru
 33884 | Snake:1  | Got an ancient hat {god gift}
 33895 | Snake:1  | Identified the +4 hat "Koiblub" {Int+4} (Okawaru gifted it
                  | to you on level 1 of the Snake Pit)
 34231 | Snake:1  | You are sucked into a shaft and drop 1 floor!
 34247 | Snake:2  | Reached XP level 19. HP: 124/124 MP: 22/22
 34344 | Snake:2  | Reached skill level 10 in Armour
 34352 | Snake:2  | Reached skill level 1 in Evocations
 34840 | Snake:2  | Got a distressingly furry plate armour
 34851 | Snake:2  | Identified the +9 plate armour of the Depths {rF+ rC++
                  | Will++} (You found it on level 2 of the Snake Pit)
 35048 | Snake:2  | Noticed Vashnia
 35062 | Snake:2  | Killed Vashnia
 36141 | Snake:3  | Received a gift from Okawaru
 36425 | Snake:3  | Received a gift from Okawaru
 37068 | Snake:4  | Entered Level 4 of the Snake Pit
 37754 | Snake:4  | Reached skill level 5 in Evocations
 38038 | Snake:4  | Found an ornate altar of the Wu Jian Council.
 38577 | Snake:4  | Reached XP level 20. HP: 129/129 MP: 23/23
 38591 | Snake:4  | Reached skill level 22 in Shields
 38604 | Snake:4  | Received a gift from Okawaru
 38638 | Snake:4  | Received a gift from Okawaru
 38886 | Snake:4  | Received a gift from Okawaru
 38999 | Snake:4  | Reached skill level 10 in Throwing
 39144 | Snake:4  | Got a serpentine rune of Zot
 39674 | Vaults:1 | Entered Level 1 of the Vaults
 39934 | Vaults:1 | Found a ruined gateway.
 40322 | Desolati | Entered the Desolation of Salt
 40350 | Desolati | Reached skill level 15 in Armour
 40530 | Desolati | Got a slimy iron ring
 40612 | Desolati | Killed from afar by a ragged hierophant

Illustrated notes

Levels and vault maps discovered:
D:1:      tarquinn_simple_flora_water_c, layout_loops_ring
D:2:      layout_basic, overflow_temple_1_default,
          nicolae_overflow_hidden_temple
D:3:      layout_rooms
D:4:      layout_basic, marbit_many_paths, kennysheep_generic_room_7, uniq_robin
D:5:      layout_loops_ring, kennysheep_little_box, minmay_temple_entry_trees,
          serial_shops, shop
D:6:      layout_loops_ring, tso_oasis_becter, basic_altar, serial_shops,
          kennysheep_mini_moat, st_stairs_11, lightli_corner_chamber,
          uniq_menkaure, uniq_duvessa
D:7:      layout_cave_pools, serial_shops, nicolae_shop_waterfront, shop,
          evilmike_ruin_ashenzari, uniq_maggie, uniq_joseph
D:8:      layout_loops_corners, slow_altar_2, kennysheep_mini,
          ebering_ghost_reflecting_pool
D:9:      layout_loops_ring, nzn_wu_jian_council_hall, gammafunk_ghost_split,
          nicolae_qazlal_style_of_elements
D:10:     cheibrodos_histonic, layout_basic, orc_0_dummy, serial_shops,
          nicolae_shop_trees, serial_rivers, chequers_serial_rivers_micro_d,
          chequers_serial_rivers_micro_a, chequers_serial_rivers_room_b,
          chequers_serial_rivers_micro_a, chequers_serial_rivers_room_a,
          chequers_serial_rivers_room_a, serial_bayou_pond_a,
          minmay_gold_behind_fungi
D:11:     layout_loops_ring, dpeg_lair_monsters, serial_ice, serial_ice_n,
          serial_ice_h, serial_ice_i, serial_ice_b,
          portal_ice_cave_demonic_guard, serial_shops, shop
D:12:     layout_long_grid, gammafunk_ghost_mausoleum, minivault_23,
          kennysheep_minor_cross
D:13:     layout_roguey, david_vaults_5, uniq_maurice
D:14:     layout_irregular_city, serial_bayou, serial_bayou_pond_d,
          serial_bayou_shore_b, serial_bayou_shore_a, serial_bayou_pond_e,
          elyvilon_altar_1, serial_shops, shop, uniq_nessos, uniq_rupert
D:15:     grunt_enter_depths_giant_problem, layout_stronghold, serial_shops,
          shop, patterned_corridor, chequers_arboretum,
          minmay_statue_crystal_thing, uniq_azrael, uniq_roxanne
Temple:   nicolae_temple_figure_eight
Lair:1:   layout_cave_pods, minivault_25, uniq_fannar
Lair:2:   layout_regular_city, palyth_hydra_swamp_entry, serial_bayou_shore_b
Lair:3:   beast_lair_carwin_large_1, layout_chaotic_city,
          guppyfry_snake_entry_island, gauntlet_entry_generic
Lair:4:   layout_small_grid, grunt_forest_small_clearing_treed,
          infiniplex_staircase_pool_2, grunt_megastairs_2
Lair:5:   layout_loops_ring, minmay_lair_oklob_chamber, uniq_urug
Lair:6:   gammafunk_lair_ancient_temple, layout_hall_layers, slime_dummy
Swamp:1:  layout_basic_swamp, evilmike_swamp_ruin_house_1, swamp_pool4,
          hangedman_swamp_grove
Swamp:2:  layout_basic_swamp, gammafunk_ghost_mausoleum,
          evilmike_swamp_ruin_house_2, swamp_pool2, infiniplex_staircase_pool
Swamp:3:  layout_basic_swamp, hangedman_swamp_lotus, swamp_pool1, uniq_jorgrun,
          uniq_donald
Swamp:4:  swamp_alternative, layout_basic_swamp, gammafunk_ghost_hydra_chop,
          uniq_aizul
Snake:1:  layout_grid_maze, serial_bayou_shore_b
Snake:2:  layout_misc_corridors, grunt_megastairs_1, uniq_vashnia
Snake:3:  layout_onion, st_stairs_9, grunt_megastairs_3
Snake:4:  grunt_snake_rune_serpentine_throne, layout_chambers, basic_altar,
          st_stairs_14, lemuel_fruit_tree
Orc:1:    layout_caves, gammafunk_ghost_berserking_beasts,
          nicolae_orc_pool_cavern
Orc:2:    st_orc_town, layout_caves, nicolae_orc_lava_tube
Vaults:1: grunt_vaults_swirl, v_alt_pattern_6, nicolae_vaults_little_squares_2,
          v_alt_pattern_5, vaults_dpeg_cross, vaults_room_grunt_arrival_ludios,
          nicolae_vaults_little_squares_6, v_misc_17, hangedman_vaults_slice,
          ontoclasm_vaults_gallery, grunt_vaults_focal, nicolae_vaults_asterisk,
          layout_vaults_omnicross, portal_desolation_entry_garden
Depths:1: grunt_deathspiral_small, layout_gridlike, enter_ziggurat_c, pan_entry,
          serial_co_window_serial, co_window_paths_a, co_window_paths_a,
          co_window_corner_a, co_window_cross_1, co_window_of_opportunity_a,
          co_window_unsneaky_path_a, co_window_of_opportunity_b,
          co_window_broadway_c, co_window_of_opportunity_b, co_window_corner_b,
          glass_columns_b, glass_columns_a, glass_columns_a, glass_columns_c,
          lightli_too_deep, hangedman_abyss_or_decor_jellyfish_corner,
          serial_bayou_shore_b
Desolation

Skill      XL: |  1  2  3  4  5  6  7  8  9 10 11 12 13 14 15 16 17 18 19 20 |
---------------+-------------------------------------------------------------+-----
Fighting       | 4 5 6 8 11 13 15 | 15.0
Shields        | 4 5 6 8 11 13 15 17 19 21 22 | 22.6
Maces & Flails | 3 5 7 10 12 14 15 16 17 | 17.0
Invocations    | 2 5 |  5.0
Armour         | 4 7 9 13 15 | 15.0
Throwing       | 2 5 7 9 10 | 10.9
Evocations     | 5 |  5.0

Action                   |  1- 3 |  4- 6 |  7- 9 | 10-12 | 13-15 | 16-18 | 19-21 || total
-------------------------+-------+-------+-------+-------+-------+-------+-------++-------
Melee: Flail             |   161 |   333 |   453 |       |       |       |       ||   947
       Whip              |       |       |    10 |   709 |       |       |       ||   719
       Morningstar       |       |       |       |   359 |   115 |       |       ||   474
       Eveningstar       |       |       |       |       |  1015 |  1028 |  1105 ||  3148
Throw: Dart              |       |       |    10 |       |       |       |       ||    10
       Javelin           |       |       |       |       |    12 |     3 |     7 ||    22
Invok: Heroism           |       |       |     1 |     8 |     5 |     3 |     2 ||    19
       Finesse           |       |       |       |     7 |     8 |     6 |     6 ||    27
 Abil: Fly               |       |       |       |       |     1 |       |       ||     1
Evoke: Wand              |       |       |     5 |     1 |       |     2 |       ||     8
       Phantom mirror    |       |       |       |       |       |     1 |       ||     1
  Use: Scroll            |       |       |    11 |    10 |     6 |    10 |     1 ||    38
       Potion            |       |       |     2 |       |     1 |     5 |     1 ||     9
 Stab: Confused          |       |       |       |       |       |     4 |       ||     4
Armor: Scale mail        |    46 |       |       |       |       |       |       ||    46
       Chain mail        |    61 |   330 |   279 |    67 |       |       |       ||   737
       Plate armour      |       |       |       |   259 |       |       |   517 ||   776
       Ring mail         |       |       |       |    91 |   383 |       |       ||   474
       Crystal plate arm |       |       |       |       |   106 |   641 |    41 ||   788
Dodge: Dodged            |    55 |   118 |    87 |   232 |   566 |   337 |   427 ||  1822
       Repelled          |       |       |       |     2 |     3 |       |       ||     5
Block: Kite shield       |    90 |   257 |   231 |   459 |   874 |   729 |  1055 ||  3695
       Reflection        |       |       |       |       |       |    14 |    95 ||   109
